 Dungeon Crawl Stone Soup version 0.28-a0-1616-g050a50673c (webtiles) character file.

Game seed: 1760045077188022223

45 grumblor the Insei (level 3, -1/24 HPs)
             Began as an Octopode Transmuter on Jan 22, 2022.
             Slain by Terence (5 damage)
             ... on level 1 of the Dungeon.
             The game lasted 00:03:44 (2087 turns).

grumblor the Insei (Octopode Transmuter)            Turns: 2087, Time: 00:03:45

Health: -1/24      AC:  2    Str:  9    XL:     3   Next: 64%
Magic:  4/6        EV: 19    Int: 15    God:
Gold:   44         SH:  0    Dex: 19    Spells: 2/6 levels left

rFire   . . .      SeeInvis .     - Unarmed
rCold   . . .      Faith    .   (shield currently unavailable)
rNeg    . . .      Spirit   .   (helmet currently unavailable)
rPois   x          Reflect  .   f - amulet of magic regeneration
rElec   .          Harm     .   (no ring)
rCorr   .          Rampage  .   (no ring)
Will    .....                   (no ring)
Stlth   ++........              (no ring)
HPRegen 0.08/turn               (no ring)
MPRegen 0.50/turn               (no ring)
                                (no ring)
                                (no ring)

@: spider-form (expiring)
A: venomous fangs, almost no armour, (amphibious), 8 rings, tiny, (camouflage
1), (gelatinous body 1), (nimble swimmer 1), (tentacles)
a: End Transformation


You were on level 1 of the Dungeon.
You were a venomous arachnid creature.
You visited 1 branch of the dungeon, and saw 2 of its levels.

You collected 44 gold pieces.

Inventory:

Jewellery
 f - an amulet of magic regeneration (around neck)
Potions
 a - a potion of resistance
 b - a potion of haste {unknown}
 c - a potion of flight {unknown}
 e - 2 potions of curing


   Skills:
 * Level 1.7 Fighting
 * Level 2.2 Dodging
 * Level 2.2 Stealth
 + Level 3.4 Unarmed Combat
 + Level 2.1 Spellcasting
 + Level 2.1 Transmutations


You had 2 spell levels left.
You knew the following spells:

 Your Spells              Type           Power      Damage    Failure   Level
a - Beastly Appendage     Tmut           16%        N/A       22%         1
b - Spider Form           Tmut/Pois      4%         N/A       61%         3

Your spell library contained the following spells:

 Spells                   Type           Power      Damage    Failure   Level
 Wereblood                Tmut           8%         N/A       32%         2
 Ice Form                 Ice/Tmut       4%         N/A       92%         4
 Fulminant Prism          Conj/Hex       0%         3d6       98%         4
 Iskenderun's Mystic Bla  Conj/Tloc      1%         2d3       98%         4
 Lee's Rapid Deconstruct  Erth           0%         3d5*      100%        5


Dungeon Overview and Level Annotations

Branches:
Dungeon (2/15)

Altars:
Sif Muna

Shops:
D:2 =

Annotations:
D:1 Terence
D:2 Robin


Innate Abilities, Weirdness & Mutations

You are a venomous arachnid creature.
You have poisonous fangs.
You are tiny and dextrous.
Your spellcasting is less reliable in this form.
Your armour is entirely melded.
You are incapable of wielding weapons or throwing items.
You cannot wear most types of armour.
((You are amphibious.))
You can wear up to eight rings at the same time.
((Your skin changes colour to match your surroundings (Stealth+).))
((Your rubbery body absorbs attacks. (AC +1, EV +1)))
((You are camouflaged when in or above water. (Stealth+)))
((You have tentacles for arms and can constrict up to eight enemies at once.))


Message History

There is a stone staircase leading down here.
Casting: Spider Form (extremely dangerous; 38% risk of failure)
Confirm with . or Enter, or press ? or * to list all spells.
The spell is extremely dangerous to miscast (38% risk of failure)!
Continue anyway?
You miscast Spider Form.
You are very lightly contaminated with residual magic.
Nothing appears to happen.
Terence misses you.
Terence screams, "I'm going to kill you!"
Terence closely misses you. Terence barely misses you.
Terence shouts, "ATTACK!!!"
Your magical contamination has completely faded away.
There is an open door here.
Terence screams, "I want your blood!"
Casting: Spider Form (extremely dangerous; 38% risk of failure)
Confirm with . or Enter, or press ? or * to list all spells.
The spell is extremely dangerous to miscast (38% risk of failure)!
Continue anyway?
You miscast Spider Form.
You are very lightly contaminated with residual magic.
Nothing appears to happen.
Terence hits you with a +0 mace.
* * * LOW HITPOINT WARNING * * *
Unknown command.
Your magical contamination has completely faded away.
Casting: Spider Form (extremely dangerous; 38% risk of failure)
Confirm with . or Enter, or press ? or * to list all spells.
The spell is extremely dangerous to miscast (38% risk of failure)!
Continue anyway?
You turn into a venomous arachnid creature.
Your transformation is almost over.
You barely miss Terence.
Terence is moderately wounded.
Terence looks scornfully at you. Terence misses you.
You hit Terence but do no damage.
Terence is poisoned.
Terence is moderately wounded.
Terence hits you with a +0 mace.
* * * LOW HITPOINT WARNING * * *
You barely miss Terence.
Terence is moderately wounded.
Terence hits you with a +0 mace.
You die...

##
.########################
####
.'.............@s......>#
#...
.###########.##########.#
#.## .#### #.# #.# #.#
....# #.# #.# #.# ###.#
#.# #.# #†# #.# #.# #.#
#.# # #.# #.# #.# #.# #
#.# #.# #.# #.# ###.# #.#
#.# #.##


You could see Terence (very poisoned).

Vanquished Creatures
  3 dart slugs (D:1)
  5 endoplasms
  2 giant cockroaches (D:1)
  5 goblins
  3 hobgoblins (D:2)
  5 kobolds
  2 quokkas (D:2)
  4 bats
  A frilled lizard (D:1)
  3 rats
33 creatures vanquished.

Notes
Turn   | Place    | Note
-------+----------+-------------------------------------------
     0 | D:1      | grumblor the Octopode Transmuter began the quest for the
                  | Orb.
     0 | D:1      | Reached XP level 1. HP: 13/13 MP: 3/3
   154 | D:1      | Reached XP level 2. HP: 5/18 MP: 3/5
   855 | D:1      | Reached skill level 1 in Stealth
  1244 | D:1      | Reached XP level 3. HP: 23/23 MP: 6/6
  1427 | D:2      | Found a faded altar of an unknown god.
  1447 | D:2      | Found Wefodyx's Jewellery Emporium.
  1452 | D:2      | Learned a level 3 spell: Spider Form
  1469 | D:2      | Noticed Robin
  1992 | D:2      | Found a shimmering blue altar of Sif Muna.
  2004 | D:2      | Noticed Terence
  2087 | D:1      | Slain by Terence

Illustrated notes

Levels and vault maps discovered:
D:1:      dpeg_arrival_boxorama, layout_basic, minmay_fountain_box,
          minmay_tiny_reverse_x
D:2:      layout_rooms, basic_ecumenical_altar, serial_shops, shop, basic_altar,
          nrook_mini_backslash, kennysheep_another_room, uniq_robin,
          uniq_terence

Skill      XL: |  1  2  3 |
---------------+----------+-----
Stealth        | 1 2 |  2.2
Fighting       | |  1.7
Dodging        | |  2.2
Unarmed Combat | |  3.4
Spellcasting   | |  2.1
Transmutations | |  2.1

Action                   || total
-------------------------++-------
Melee: Unarmed           ||    79
       Constrict         ||    15
       Tentacles         ||    13
       Kick              ||     4
       Punch             ||     2
 Cast: Beastly Appendage ||     2
       Spider Form       ||     4
  Use: Scroll            ||     2
 Stab: Sleeping          ||    10
Armor: Skin              ||     9
Dodge: Dodged            ||    56

Table legend: (Time is in decaauts)
 A = Elapsed time spent in this place.
 B = Non-inter-level travel time spent in this place.
 C = Inter-level travel time spent in this place.
 D = Time resting spent in this place.
 E = Time spent auto-exploring this place.
 F = Levels seen in this place.
 G = Mean time per level.
                   A        B        C        D        E       F      G
               +--------+--------+--------+--------+--------+-----+--------+
         Total |   2082 |   2051 |     31 |    588 |   1139 |   2 | 1041.0 |
       Dungeon |   2082 |   2051 |     31 |    588 |   1139 |   2 | 1041.0 |
               +--------+--------+--------+--------+--------+-----+--------+

Top non-repeatable levels by time:
     D:1: 1320 daAuts
     D:2: 762 daAuts
